 Dungeon Crawl Stone Soup version 0.29.1-14-g9c671dbff4 (webtiles) character file.

Game seed: 12018506837992564027

336 librariansheart the Conjurer (level 6, -2/47 HPs)
             Began as a Draconian Conjurer on Feb 19, 2023.
             Was a Believer of Nemelex Xobeh.
             Slain by a hobgoblin (4 damage)
             ... on level 4 of the Dungeon.
             The game lasted 00:52:31 (2376 turns).

librariansheart the Conjurer (Draconian Conjurer)   Turns: 2376, Time: 00:52:32

Health: -2/47      AC:  7    Str:  9    XL:     6   Next: 28%
Magic:  10/10      EV: 12    Int: 25    God:    Nemelex Xobeh [**....]
Gold:   121        SH:  0    Dex: 11    Spells: 10/11 levels left

rFire   . . .      SeeInvis .   A - +0 long sword (freeze)
rCold   . . .      Faith    .   (no shield)
rNeg    . . .      Spirit   .   (body armour unavailable)
rPois   .          Reflect  .   (helmet restricted)
rElec   .          Harm     .   q - +0 cloak
rCorr   .          Rampage  .   (no gloves)
Will    .....                   (no boots)
Stlth   ++........              c - amulet of magic regeneration
HPRegen 0.15/turn               v - +6 ring of intelligence
MPRegen 0.52/turn               (no ring)

@: slowed, very slow
A: AC +6, unfitting armour, cold-blooded
a: Renounce Religion, Draw Escape, Draw Destruction, Draw Summoning


You were on level 4 of the Dungeon.
You worshipped Nemelex Xobeh.
Nemelex Xobeh was pleased with you.
You visited 2 branches of the dungeon, and saw 5 of its levels.

You collected 121 gold pieces.

Inventory:

Hand Weapons
 e - a +0 whip
 g - a +0 falchion
 h - a +0 dagger
 i - a +0 dagger
 k - a +0 dagger
 l - a +0 club
 r - a +0 hand axe
 t - a +0 short sword
 x - a +0 flail
 A - a +0 long sword of freezing (weapon)
 B - a +0 spear
 G - a +0 giant club
Missiles
 f - 27 stones
 n - 3 boomerangs
 D - 4 poisoned darts
Armour
 b - a +0 ring mail
 j - a +0 robe
 o - a +0 leather armour
 q - a +0 cloak (worn)
 s - a +3 ring mail
 u - a +0 cloak
 y - a +0 robe
Jewellery
 c - an amulet of magic regeneration (around neck)
 d - an amulet of faith
 v - a +6 ring of intelligence (left hand)
Wands
 I - a wand of digging (4)
Scrolls
 m - a scroll of poison
 E - 3 scrolls of identify
 F - a scroll of enchant armour {unknown}
 H - a scroll of teleportation
Potions
 a - a potion of magic
 p - 2 potions of mutation
 w - a potion of haste {unknown}
 z - a potion of curing {unknown}
 C - a potion of attraction {unknown}


   Skills:
 + Level 1.4 Fighting
 + Level 2.7 Long Blades
 + Level 1.0 Maces & Flails
 + Level 3.0 Dodging
 + Level 2.3 Stealth
 + Level 3.1 Spellcasting
 + Level 5.0 Conjurations


You had 10 spell levels left.
You knew the following spells:

 Your Spells              Type           Power      Damage    Failure   Level
a - Magic Dart            Conj           100%       1d8       1%          1

Your spell library contained the following spells:

 Spells                   Type           Power      Damage    Failure   Level
 Searing Ray              Conj           58%        2d6       1%          2
 Dazzling Flash           Conj/Hex       32%        N/A       11%         3
 Portal Projectile        Hex/Tloc       6%         N/A       30%         3
 Tukima's Dance           Hex            3%         N/A       30%         3
 Fulminant Prism          Conj/Hex       8%         3d7       34%         4
 Iskenderun's Mystic Bla  Conj/Tloc      16%        2d5       34%         4
 Blade Hands              Tmut           1%         N/A       95%         5


Dungeon Overview and Level Annotations

Branches:
Dungeon (4/15)             Temple (1/1) D:4

Altars:
Ashenzari
Cheibriados
Dithmenos
Hepliaklqana
Kikubaaqudgha
Makhleb
Nemelex Xobeh
Okawaru
Qazlal
Ru
Uskayaw
Vehumet
Xom
Zin
The Shining One

Annotations:
D:4 Sigmund


Innate Abilities, Weirdness & Mutations

Your plain brown scales are hard. (AC +6)
You cannot fit into any form of body armour.
You are cold-blooded and may be slowed by cold attacks.


Message History

The ice beast attacks as you move away! The ice beast closely misses you.
Sigmund gestures wildly while chanting.
Sigmund flickers and vanishes!
Deactivating autopickup; reactivate with Ctrl-A.
The hobgoblin attacks as you move away!
The hobgoblin hits you but does no damage.
The hobgoblin closely misses you. The ice beast attacks as you move away!
The ice beast misses you. The hobgoblin attacks as you move away!
The hobgoblin hits you but does no damage.
The hobgoblin attacks as you move away! The hobgoblin closely misses you.
The hobgoblin attacks as you move away!
The hobgoblin hits you but does no damage.
The hobgoblin attacks as you move away!
The hobgoblin hits you but does no damage.
The hobgoblin attacks as you move away! The hobgoblin hits you.
* * * LOW HITPOINT WARNING * * *
The hobgoblin attacks as you move away! The hobgoblin closely misses you.
The hobgoblin hits you.
* * * LOW HITPOINT WARNING * * *
The hobgoblin hits you but does no damage.
The ice beast hits you but does no damage.
Something hits you but does no damage. The hobgoblin attacks as you move away!
The hobgoblin hits you but does no damage.
The hobgoblin attacks as you move away! The hobgoblin closely misses you.
Sigmund appears from thin air!
Reactivating autopickup.
The hobgoblin closely misses you. The ice beast closely misses you.
Sigmund casts a spell.
Sigmund flickers and vanishes!
Deactivating autopickup; reactivate with Ctrl-A.
The ice beast hits you.
* * * LOW HITPOINT WARNING * * *
The ice beast freezes you!
You feel yourself slow down.
* * * LOW HITPOINT WARNING * * *
The hobgoblin attacks as you move away! The hobgoblin barely misses you. x2
The hobgoblin attacks as you move away! The hobgoblin hits you.
You die...
Your body glows with a rainbow of weird colours and disappears.

#....#..####.....
##......#.##..# #
##.......#)..###
####...............
##.#................
##..............###..
##.........##....#....
#...Yg###..##.........
#.#..@..##............
#.P...P.##.##..#......
#...PPP..####..#......
#..†>..............#.#
#..P...#....#...#..###
##........###...##...#
####..#....##.. ......
#..............###.....
#.....##.##.......#.<....


You could see an ice beast and a hobgoblin.

Vanquished Creatures
  An ogre (D:4)
  A scorpion (D:4)
  A hound (D:4)
  A gnoll (D:1)
  5 adders
  An ufetubus (D:3)
  2 worms
  3 dart slugs (D:1)
  2 orcs (D:4)
  7 ball pythons
  12 endoplasms
  5 giant cockroaches
  7 goblins
  5 hobgoblins
  2 jackals (D:1)
  2 quokkas
  7 bats
  4 frilled lizards
  10 kobolds
  4 rats
82 creatures vanquished.

Vanquished Creatures (others)
  A plant (D:4)
1 creature vanquished.

Grand Total: 83 creatures vanquished

Notes
Turn   | Place    | Note
-------+----------+-------------------------------------------
     0 | D:1      | librariansheart the Draconian Conjurer began the quest for
                  | the Orb.
     0 | D:1      | Reached XP level 1. HP: 14/14 MP: 3/3
    95 | D:2      | Noticed a golden eye
    95 | D:2      | Found a faded altar of an unknown god.
   104 | D:2      | Noticed a shining eye
   113 | D:2      | Noticed a shining eye
   113 | D:2      | Noticed a shining eye
   118 | D:2      | Prayed at the altar of an unknown god.
   118 | D:2      | Became a worshipper of Nemelex Xobeh the Trickster
   118 | D:2      | Reached * piety under Nemelex Xobeh
   118 | D:2      | Received a gift from Nemelex Xobeh
   215 | D:2      | Reached XP level 2. HP: 9/20 MP: 5/5
   497 | D:1      | Reached XP level 3. HP: 26/26 MP: 4/6
  1000 | D:1      | Reached skill level 1 in Maces & Flails
  1186 | D:1      | Reached XP level 4. HP: 31/33 MP: 5/7
  1216 | D:1      | Reached ** piety under Nemelex Xobeh
  1541 | D:3      | Reached skill level 1 in Long Blades
  1566 | D:3      | Received a gift from Nemelex Xobeh
  1847 | D:3      | Found a hide-covered altar of Uskayaw.
  2035 | D:4      | Noticed a scorpion
  2050 | D:4      | Killed a scorpion
  2051 | D:4      | Reached XP level 5. HP: 27/39 MP: 9/9
  2053 | D:4      | Noticed an ogre
  2062 | D:4      | Killed an ogre
  2063 | D:4      | Reached skill level 1 in Fighting
  2063 | D:4      | Reached skill level 5 in Conjurations
  2063 | D:4      | Reached XP level 6. HP: 28/47 MP: 10/10
  2065 | D:4      | Identified the +1 robe of Meph {+Inv}
  2105 | D:4      | Found a staircase to the Ecumenical Temple.
  2114 | Temple   | Entered the Ecumenical Temple
  2295 | D:4      | Found a sacrificial altar of Ru.
  2326 | D:4      | Noticed Sigmund
  2326 | D:4      | Noticed an ice beast
  2374 | D:4      | HP: 2/47 [ice beast (8)]
  2376 | D:4      | Slain by a hobgoblin

Illustrated notes

Levels and vault maps discovered:
D:1:      wander_arrival_desolate, layout_loops_corners, minmay_pentomino_r4
D:2:      layout_basic, hellmonk_ecumenical_altar_watching_god
D:3:      layout_basic, nicolae_uskayaw_suspiria
D:4:      layout_cave_pools, old_standard_altar, marbit_many_paths,
          minmay_temple_entry_overgrown, grunt_decor_junction,
          grunt_ministairs_14, minmay_box_of_dots, uniq_sigmund
Temple:   nicolae_temple_x_marks_the_god

Skill      XL: |  1  2  3  4  5  6 |
---------------+-------------------+-----
Dodging        | 2 3 |  3.0
Maces & Flails | 1 |  1.0
Stealth        | 2 |  2.3
Long Blades    | 2 |  2.7
Fighting       | 1 |  1.4
Spellcasting   | 3 |  3.1
Conjurations   | 5 |  5.0

Action                   |  1- 3 |  4- 6 || total
-------------------------+-------+-------++-------
Melee: Unarmed           |    19 |       ||    19
       Whip              |     7 |       ||     7
       Tailslap          |     7 |     6 ||    13
       Punch             |     1 |       ||     1
       Falchion          |    54 |     8 ||    62
       Long sword        |       |    44 ||    44
 Cast: Magic Dart        |    65 |    55 ||   120
  Use: Scroll            |     3 |     2 ||     5
       Potion            |       |     1 ||     1
 Stab: Sleeping          |     1 |       ||     1
Armor: Skin              |    40 |    32 ||    72
Dodge: Dodged            |    54 |    52 ||   106
